AoeStats
← Pwncakes

Black Forest

506894914Analyzed
4v4 RM · 18d ago on Sep 15, 2026· 41m 21s· 8 players
Game mode
Random Map
Map size
Large (8 player)
Population
200
Speed
Normal
Resources
Standard
Victory
Conquest
Starting age
Dark Age
Ending age
Imperial Age
RankedLock teamsTeams togetherTeam positionsShared explorationLock speedFull tech treeHidden civsTurbo modeCheats
Victory
Defeat
🇨🇿 Malians · Czechia
1411
+14
🇪🇸 Malay · Spain
1380
+16
🇲🇦 Burgundians · Morocco
1368
+16
🇲🇽 Byzantines · Mexico
1366
+16
🇧🇷 Bohemians · Brazil
1440
-17
🇺🇸 Cumans · United States
1372
-16
🇺🇸 Muisca · United States
1358
-15
🇬🇧 Lithuanians · United Kingdom
1329
-14
Sergio
10:34 Loom
12:19 Feudal Age
15:12 Castle Age
13:30 Double-Bit Axe
13:47 Horse Collar
21:54 Wheelbarrow
24:05 Loom
24:35 Bow Saw
25:29 Gold Mining
27:03 Gold Shaft Mining
29:58 Imperial Age
28:27 Forging
28:22 Scale Barding Armor
28:35 Hand Cart
29:02 Stone Mining
29:55 Husbandry
31:14 Chemistry
29:52 Elite Battle Elephant
31:13 Iron Casting
31:04 Caravan
31:53 Town Watch
33:10 Conscription
34:13 Blast Furnace
32:36 Pikeman
33:42 Halberdier
36:58 Squires
36:44 Arson
37:19 Elite Karambit Warrior
No-One-Knows-Me
8:43 Loom
12:18 Feudal Age
16:20 Castle Age
15:05 Double-Bit Axe
15:02 Horse Collar
18:06 Wheelbarrow
17:55 Heavy Plow
18:58 Bow Saw
19:59 Gold Mining
21:02 Hand Cart
21:43 Gold Shaft Mining
21:04 Stone Mining
23:08 Gold Shaft Mining
23:09 Stone Shaft Mining
23:16 Stone Shaft Mining
25:30 Crop Rotation
29:26 Caravan
29:56 Coinage
30:07 Scale Barding Armor
30:12 Forging
33:09 Imperial Age
30:58 Town Watch
31:37 Chain Barding Armor
32:23 Iron Casting
31:25 Cavalier
32:05 Husbandry
34:24 Banking
33:17 Paladin
35:47 Blast Furnace
35:23 Plate Barding Armor
36:50 Two-Man Saw
40:44 Light Cavalry
polom.s1989
0:27 Loom
12:45 Feudal Age
12:58 Man-at-Arms
14:11 Arson
16:12 Town Watch
18:57 Double-Bit Axe
18:54 Horse Collar
22:33 Forging
22:23 Scale Mail Armor
30:12 Castle Age
28:42 Gold Mining
31:37 Iron Casting
31:17 Chain Mail Armor
30:25 Long Swordsman
31:05 Squires
32:30 Wheelbarrow
32:01 Pikeman
Lord Yarik
1:08 Loom
11:21 Feudal Age
15:47 Castle Age
14:19 Double-Bit Axe
16:48 Bow Saw
17:42 Horse Collar
21:35 Heavy Plow
23:09 Wheelbarrow
24:39 Hand Cart
24:23 Gold Mining
24:39 Caravan
27:14 Gold Shaft Mining
29:45 Imperial Age
27:51 Fletching
28:29 Stone Mining
28:41 Bodkin Arrow
28:39 Treadmill Crane
29:04 Crossbowman
30:42 Bracer
31:44 Chemistry
30:09 Arbalester
32:09 Two-Man Saw
31:32 Ballistics
32:12 Fortified Wall
32:14 Thumb Ring
33:10 Conscription
32:55 Greek Fire
34:08 Padded Archer Armor
35:53 Devotion
40:12 Leather Archer Armor
Pocket Lint
0:50 Loom
13:50 Feudal Age
14:49 Double-Bit Axe
16:20 Horse Collar
22:44 Fletching
25:03 Wheelbarrow
28:10 Castle Age
26:02 Town Watch
26:39 Gold Mining
26:59 Scale Barding Armor
27:33 Bloodlines
27:53 Forging
29:52 Hand Cart
29:48 Bow Saw
29:39 Heavy Plow
29:36 Bodkin Arrow
29:56 Stone Mining
35:27 Imperial Age
36:35 Chain Barding Armor
37:31 Light Cavalry
38:32 Hussar
Pwncakes
0:56 Loom
11:33 Feudal Age
15:20 Castle Age
13:16 Double-Bit Axe
16:29 Bow Saw
16:51 Gold Mining
16:55 Horse Collar
24:30 Wheelbarrow
25:57 Fletching
26:43 Hand Cart
26:16 Town Watch
27:44 Stone Mining
27:59 Heavy Plow
31:13 Imperial Age
28:25 Treadmill Crane
28:46 Stone Mining
29:30 Fervor
29:41 Sanctity
29:27 Scale Mail Armor
31:15 Gold Shaft Mining
31:17 Masonry
31:18 Bodkin Arrow
31:40 Chain Mail Armor
32:07 Bracer
32:18 Forging
32:36 Conscription
33:19 Block Printing
33:44 Theocracy
33:36 Illumination
34:04 Hoardings
33:54 Redemption
34:04 Redemption
39:34 Plate Mail Armor
39:39 Iron Casting
TmZ_Mosquito Sedutor
6:17 Loom
13:21 Feudal Age
13:49 Horse Collar
14:19 Double-Bit Axe
17:22 Castle Age
18:54 Bow Saw
18:46 Heavy Plow
25:07 Wheelbarrow
30:16 Imperial Age
28:16 Hand Cart
29:12 Scale Barding Armor
29:18 Forging
28:56 Town Watch
30:47 Chain Barding Armor
33:37 Chemistry
33:52 Two-Man Saw
33:54 Conscription
33:54 Hussite Reforms
33:57 Wagenburg Tactics
33:28 Elite Hussite Wagon
35:05 Ballistics
34:25 Treadmill Crane
34:56 Masonry
35:23 Houfnice
39:27 Iron Casting
38:42 Fletching
38:53 Padded Archer Armor
39:35 Murder Holes
40:01 Bombard Tower
FirstPine3880
10:18 Feudal Age
14:33 Castle Age
12:58 Double-Bit Axe
12:55 Horse Collar
16:23 Bow Saw
16:54 Heavy Plow
24:16 Gold Mining
24:16 Stone Mining
24:22 Loom
26:11 Wheelbarrow
26:49 Stone Shaft Mining
27:36 Hand Cart
28:40 Caravan
31:57 Imperial Age
30:28 Scale Barding Armor
30:34 Forging
32:13 Scale Mail Armor
32:49 Iron Casting
32:19 Scale Mail Armor
32:40 Chain Barding Armor
31:44 Pikeman
32:24 Squires
32:12 Arson
31:59 Elite Leitis
33:01 Conscription
33:22 Tower Shields
33:41 Halberdier
35:19 Chain Mail Armor
36:56 Hoardings
38:33 Plate Barding Armor
38:13 Bloodlines
38:03 Husbandry
Connection lost

Rejoining the realm…

Still unreachable

The connection could not be restored.

Session expired

The server has moved on; the page needs a fresh start.